 Dungeon Crawl Stone Soup version 0.21.1-1-g345015f (webtiles) character file.

130 buskinjo2 the Poker (level 5, -4/34 HPs)
             Began as an Octopode Gladiator on Mar 2, 2018.
             Killed from afar by an orc wizard (7 damage)
             ... with a puff of flame
             ... on level 2 of the Dungeon.
             The game lasted 00:03:57 (2577 turns).

buskinjo2 the Poker (Octopode Gladiator)            Turns: 2577, Time: 00:03:57

Health: -4/34      AC:  1    Str: 14    XL:     5   Next: 14%
Magic:  5/5        EV: 13    Int: 11    God:
Gold:   116        SH:  3    Dex: 13    Spells: 4/4 levels left

rFire    . . .     SeeInvis .   a - +0 trident
rCold    . . .     Gourm    +   j - +0 buckler
rNeg     . . .     Faith    .   b - +0 hat
rPois    .         Spirit   .   i - amulet of the gourmand
rElec    .         Reflect  .   (no ring)
rCorr    .         Harm     .   (no ring)
MR       .....                  (no ring)
Stlth    ++........             (no ring)
HPRegen  0.11/turn              (no ring)
MPRegen  0.09/turn              (no ring)
                                (no ring)
                                (no ring)

@: no status effects
A: almost no armour, stealthy swim, amphibious, 8 rings, constrict 8, camouflage
1, gelatinous body 1
a: no special abilities


You were on level 2 of the Dungeon.
You were very hungry.

You visited 1 branch of the dungeon, and saw 3 of its levels.

You collected 116 gold pieces.

Inventory:

Hand Weapons
 a - a +0 trident (weapon)
Missiles
 c - 3 throwing nets (quivered)
Armour
 b - a +0 hat (worn)
 j - a +0 buckler (worn)
Jewellery
 i - an amulet of the gourmand (around mantle)
Scrolls
 e - a scroll of fog
Potions
 f - a potion of brilliance
 h - a potion of degeneration
Comestibles
 d - 4 rations


   Skills:
 - Level 2.0 Fighting
 + Level 5.7 Polearms
 - Level 2.0 Throwing
 - Level 3.0 Dodging


You had 4 spell levels left.
You didn't know any spells.

Dungeon Overview and Level Annotations

Branches:
Dungeon (3/15)

Altars:
Cheibriados


Innate Abilities, Weirdness & Mutations

You cannot wear most types of armour.
You are very stealthy in the water. (Stealth+)
You are amphibious.
You can wear up to eight rings at the same time.
You can use your tentacles to constrict eight enemies at once.
Your skin changes colour to match your surroundings (Stealth+).
Your rubbery body absorbs attacks. (AC +1, EV +1)


Message History

Press: ? - help, Dir - move target cursor You closely miss something.
Something hits you.
* * * LOW HITPOINT WARNING * * *
Attack whom?
Press: ? - help, Dir - move target cursor You hit something but do no damage.
Something hits you but does no damage.
Okay, then.
Attack whom?
Press: ? - help, Dir - move target cursor You hit something but do no damage.
Your squeeze misses something. Something hits you.
* * * LOW HITPOINT WARNING * * *
Unknown command.
Attack whom?
Press: ? - help, Dir - move target cursor You hit something.
Your squeeze misses something.
You hear some strange, mumbled words.
A puff of flame appears from out of thin air!
The puff of flame hits you!
You die...

##)###### #..#
#.##.# .....)..#
#..# #.##.#
##.####.#
#..######.##.# ##.#
#.# #............#
##.# #.#
##.######.#### ##.#
#.# #.# #.# ##.#
#.# ##.## #.# ##.#
#.# #...### #.#
...# #.# #...@{#
#.# ####
#.#####...#.###.# #
#...............# #
#..########.##### #
#..# #.# #
#..########.#
#######...........#
.........##########
##########


There were no monsters in sight!

Vanquished Creatures
  Jessica (D:2)
  3 gnolls (D:2)
  An ooze (D:2)
  3 worms (D:2)
  2 dart slugs (D:1)
  2 leopard geckos
  An orc (D:3)
  A giant cockroach (D:2)
  6 goblins
  9 hobgoblins
  6 jackals
  A quokka (D:2)
  7 bats
  4 frilled lizards
  2 kobolds (D:1)
  9 rats
58 creatures vanquished.

Notes
Turn   | Place    | Note
-------+----------+-------------------------------------------
     0 | D:1      | buskinjo2 the Octopode Gladiator began the quest for the Orb.
     0 | D:1      | Reached XP level 1. HP: 14/14 MP: 1/1
    34 | D:1      | Reached XP level 2. HP: 11/19 MP: 2/2
   338 | D:1      | Reached skill level 4 in Polearms
   528 | D:1      | Reached XP level 3. HP: 24/24 MP: 3/3
  1303 | D:2      | Found a snail-covered altar of Cheibriados.
  1337 | D:2      | Reached XP level 4. HP: 26/29 MP: 4/4
  1346 | D:2      | Reached skill level 5 in Polearms
  2126 | D:2      | Noticed Jessica
  2131 | D:2      | Killed Jessica
  2131 | D:2      | Reached XP level 5. HP: 34/34 MP: 5/5
  2577 | D:2      | Killed from afar by an orc wizard

Skill      XL: |  1  2  3  4 |
---------------+-------------+-----
Polearms       | 4 5 |  5.7
Fighting       | |  2.0
Throwing       | |  2.0
Dodging        | |  3.0

Action                   |  1- 3 |  4- 6 || total
-------------------------+-------+-------++-------
Melee: Trident           |    95 |    72 ||   167
       Constrict         |    16 |     9 ||    25
       Tentacles         |    12 |     8 ||    20
  Use: Scroll            |     3 |     5 ||     8
 Stab: Sleeping          |    10 |     5 ||    15
  Eat: Chunk             |     1 |     3 ||     4
Armor: Skin              |     3 |     5 ||     8
Dodge: Dodged            |    40 |    24 ||    64
Block: Buckler           |     5 |     8 ||    13
